 Dungeon Sprint DCSS version 0.28-a0-863-g8cecda6153 (webtiles) character file.

Game seed: 8323954803656922481

461 Htamos the Fighter (level 7, -2/94 HPs)
             Began as an Ogre Berserker on Nov 18, 2021.
             Was a Believer of Trog.
             Slain by Sonja (3 damage)
             ... in the Dungeon (Sprint I: "Red Sonja").
             The game lasted 00:02:27 (471 turns).

Htamos the Fighter (Ogre Berserker)                  Turns: 471, Time: 00:02:29

Health: -2/94      AC:  3    Str: 24    XL:     7   Next: 7%
Magic:  7/7        EV: 11    Int:  8    God:    Trog [**....]
Gold:   175        SH:  0    Dex:  8    Spells: 6/6 levels left

rFire   . . .      SeeInvis .   j - +0 giant club
rCold   . . .      Faith    .   (shield currently unavailable)
rNeg    . . .      Spirit   .   b - +0 animal skin
rPois   .          Reflect  .   (helmet restricted)
rElec   .          Harm     .   (no cloak)
rCorr   .          Rampage  .   (gloves unavailable)
Will    .....      NoTele   +   (boots unavailable)
Stlth   +.........              (no amulet)
HPRegen 0.25/turn               (no ring)
MPRegen 0.10/turn               (no ring)

@: lethally poisoned (-2 -> -48), on berserk cooldown, slowed, very slow
A: large, unfitting armour, tough skin 1
a: Renounce Religion, Berserk, Trog's Hand


You were in the Dungeon.
You worshipped Trog.
Trog was pleased with you.
You visited 1 branch You collected 175 gold pieces.

Inventory:

Hand Weapons
 a - a +0 mace
 j - a +0 giant club (weapon)
Armour
 b - a +0 animal skin (worn)
Jewellery
 k - an amulet of reflection
Wands
 i - a wand of digging (8)
Scrolls
 h - a scroll of blinking
Potions
 c - a potion of curing {@qc}
 d - a potion of heal wounds
 e - 2 potions of haste
 f - 2 potions of magic
 g - a potion of berserk rage


   Skills:
 * Level 13.8 Fighting
 + Level 7.2 Maces & Flails
 + Level 7.2 Dodging


You had 6 spell levels left.
You didn't know any spells.
Your spell library was empty.

Dungeon Overview and Level Annotations

Branches:
Dungeon (1/1)

Altars:
Makhleb
Sif Muna
Vehumet
Wu Jian
Xom
Jiyva
Lugonu

Annotations:
D Sonja


Innate Abilities, Weirdness & Mutations

You are too large for most types of armour.
You have tough skin. (AC +1)


Message History

Sonja hits you with a +0 short sword of venom!
You are more poisoned.
Sonja hits you with a +0 short sword of venom.
You are more poisoned.
Sonja hits you but does no damage.
You are more poisoned.
You completely miss Sonja.
You feel extremely sick.
Sonja casts a spell.
Sonja blinks!
Sonja throws a curare-tipped dart.
The curare-tipped dart hits you.
You are more poisoned.
You have difficulty breathing.
* * * LOW HITPOINT WARNING * * *
You feel yourself slow down.
* * * LOW HITPOINT WARNING * * *
You feel extremely sick.
Sonja mumbles some strange words.
Sonja blinks!
There is an open door here.
You feel a strong urge to attack something.
You are no longer berserk.
You are exhausted.
You feel as though you will be slow longer.
* * * LOW HITPOINT WARNING * * *
You feel extremely sick.
You miss Sonja.
* * * LOW HITPOINT WARNING * * *
You feel extremely sick. Sonja hits you but does no damage.
You are more poisoned.
Sonja hits you with a +0 short sword of venom.
* * * LOW HITPOINT WARNING * * *
You are more poisoned.
Sonja closely misses you.
Sonja hits you with a +0 short sword of venom.
* * * LOW HITPOINT WARNING * * *
Sonja barely misses you.
Sonja hits you with a +0 short sword of venom.
You die...

###################
#<.#.)'÷.#..'..#__#
#..'..#..').#..'..+
#..#####'#####'#__#
#..# #..# #.####
#..# #### ##.# #..#
#+#_.+§≈≈§.+ #⌠⌠#
+..K_#≈§≈§c# ####
#_@#'##+#### ##'#.#
#.### +$§$+ #$.$#
##.## #+#


You could see Sonja.

Vanquished Creatures
  A slime creature (D)
  Sigmund (D)
  An ogre (D)
  A jelly (D)
  Ijyb (D)
5 creatures vanquished.

Notes
Turn   | Place    | Note
-------+----------+-------------------------------------------
     0 | D        | Htamos the Ogre Berserker began the quest for the Orb.
     0 | D        | Reached XP level 1. HP: 24/24 MP: 1/1
     4 | D        | Noticed Ijyb
     9 | D        | Killed Ijyb
    10 | D        | Reached skill level 6 in Fighting
    10 | D        | Reached XP level 2. HP: 37/37 MP: 2/2
    10 | D        | Reached XP level 3. HP: 45/45 MP: 3/3
    53 | D        | Noticed an ogre
    58 | D        | Killed an ogre
    59 | D        | Reached skill level 9 in Fighting
    59 | D        | Reached skill level 5 in Maces & Flails
    59 | D        | Reached skill level 5 in Dodging
    59 | D        | Reached XP level 4. HP: 32/59 MP: 4/4
   256 | D        | Noticed Sigmund
   263 | D        | Killed Sigmund
   263 | D        | Reached ** piety under Trog
   264 | D        | Reached skill level 12 in Fighting
   264 | D        | Reached XP level 5. HP: 74/74 MP: 5/5
   264 | D        | Reached XP level 6. HP: 83/83 MP: 6/6
   351 | D        | Found a burning altar of Makhleb.
   351 | D        | Found a viscous altar of Jiyva.
   351 | D        | Found a shimmering altar of Xom.
   351 | D        | Found a corrupted altar of Lugonu.
   351 | D        | Noticed a slime creature
   354 | D        | Killed a slime creature
   355 | D        | Reached skill level 13 in Fighting
   355 | D        | Reached XP level 7. HP: 94/94 MP: 7/7
   396 | D        | Found an ornate altar of the Wu Jian Council.
   396 | D        | Found a shimmering blue altar of Sif Muna.
   433 | D        | Found a radiant altar of Vehumet.
   449 | D        | Noticed a centaur warrior
   460 | D        | Noticed Sonja
   471 | D        | HP: 1/94 [Sonja (5)]
   471 | D        | Slain by Sonja

Illustrated notes

Levels and vault maps discovered:
D:        dungeon_sprint_1 [red_sonja_temple_1, red_sonja_temple_small_1]

Skill      XL: |  1  2  3  4  5  6 |
---------------+-------------------+-----
Fighting       | 6 9 12 13 | 13.8
Maces & Flails | 3 5 6 7 |  7.2
Dodging        | 3 5 6 7 |  7.2

Action                   |  1- 3 |  4- 6 |  7- 9 || total
-------------------------+-------+-------+-------++-------
Melee: Mace              |     9 |       |       ||     9
       Giant club        |       |     7 |     7 ||    14
Invok: Berserk           |     2 |     2 |     2 ||     6
Armor: Animal skin       |     1 |       |     2 ||     3
Dodge: Dodged            |       |       |     5 ||     5

Table legend: (Time is in decaauts)
 A = Elapsed time spent in this place.
 B = Non-inter-level travel time spent in this place.
 C = Inter-level travel time spent in this place.
 D = Time resting spent in this place.
 E = Time spent auto-exploring this place.
 F = Levels seen in this place.
 G = Mean time per level.
                   A        B        C        D        E       F      G
               +--------+--------+--------+--------+--------+-----+--------+
         Total |    513 |    513 |      0 |    409 |      0 |   1 |  513.0 |
       Dungeon |    513 |    513 |      0 |    409 |      0 |   1 |  513.0 |
               +--------+--------+--------+--------+--------+-----+--------+

Top non-repeatable levels by time:
       D: 513 daAuts
